 Adventure DCSS version bcrawl-1.27.3 (webtiles) character file.

Game seed: 1110570713458533784

178599 galech the Cleaver (level 8, 64/64 HPs)
             Began as a Demonspawn Fighter on July 31, 2020.
             Was a Priest of Okawaru.
             Quit the game on level 8 of the Dungeon.
             The game lasted 00:10:02 (7381 turns).

galech the Cleaver (Demonspawn Fighter)             Turns: 7381, Time: 00:10:02

Health: 64/64      AC: 15    Str: 16    XL:     8   Next: 41%
Magic:  8/8        EV:  9    Int:  9    God:    Okawaru [***...]
Gold:   534        SH: 13    Dex: 17    Spells: 7/7 levels left
                                        Lives:  0   Deaths: 2

rFire    . . .     SeeInvis .   a - +1 war axe
rCold    . . .     Gourm    .   B - +3 medium shield
rNeg     + . .     Faith    .   h - +0 plate armour
rPois    .         Spirit   +   (no helmet)
rElec    .         Reflect  .   z - +0 cloak (curse)
rCorr    .         Harm     .   f - +0 pair of gloves
MR       .....                  (boots unavailable)
Stlth    ..........             (no amulet)
HPRegen  0.20/turn              s - ring of positive energy
MPRegen  0.11/turn              c - +5 ring of evasion

@: no status effects
A: hooves 3, repulsion field 1, magic shield
a: Heroism, Renounce Religion


You were on level 8 of the Dungeon.
You worshipped Okawaru.
Okawaru was most pleased with you.
You were not hungry.

You visited 2 branches of the dungeon, and saw 9 of its levels.

You collected 534 gold pieces.

Inventory:

Hand Weapons
 a - a +1 war axe (weapon)
 x - a +1 whip of flaming
Armour
 f - a +0 pair of gloves (worn)
 h - a +0 plate armour (worn)
 t - a +2 leather armour of cold resistance
 z - a cursed +0 cloak (worn)
 B - a +3 medium shield (worn)
Jewellery
 c - a +5 ring of evasion (right hand)
 s - a ring of positive energy (left hand)
 u - an uncursed ring of stealth
 C - an uncursed ring of positive energy
Scrolls
 b - 2 scrolls of remove curse
 d - a scroll of identify
 j - 2 scrolls of fog
 k - 5 scrolls of teleportation
 p - 3 scrolls of amnesia
 y - 2 scrolls of blinking
Potions
 g - a potion of magic {unknown}
 i - 2 potions of curing {unknown}
 l - 4 potions of flight {unknown}
 m - a potion of cancellation {unknown}
 n - 2 potions of agility {unknown}
 o - a potion of brilliance {unknown}
 q - 2 potions of mutation {unknown}
 v - 3 potions of haste {unknown}
 w - 3 potions of berserk rage {unknown}
Comestibles
 e - 19 rations {!d}
 r - 5 chunks of flesh


   Skills:
 + Level 6.0 Fighting
 + Level 9.1 Axes
 + Level 6.7 Armour
 + Level 1.6 Dodging
 + Level 0.9 Stealth
 + Level 6.7 Shields


You had 7 spell levels left.
You didn't know any spells.
Your spell library contained the following spells:

 Spells                   Type           Power        Failure   Level  Hunger
 Magic Dart               Conj           #...         100%        1    None
 Blink                    Tloc           N/A          100%        2    ####...
 Call Imp                 Summ           #.....       100%        2    ####...
 Conjure Flame            Conj/Fire      #.......     100%        3    #####..
 Mephitic Cloud           Conj/Pois/Air  #.......     100%        3    #####..
 Spider Form              Tmut/Pois      #..          100%        3    #####..


Dungeon Overview and Level Annotations

Branches:
Dungeon (8/12)             Temple (1/1) D:4
   Lair: D:7-9          Orc: D:8-11

Altars:
Ashenzari
Dithmenos
Elyvilon
Fedhas
Gozag
Hepliaklqana
Kikubaaqudgha
Lugonu
Makhleb
Nemelex Xobeh
Okawaru
Qazlal
Ru
Sif Muna
Trog
Vehumet
Wu Jian
Xom
Yredelemnul
Zin
The Shining One

Shops:
D:5 *

Annotations:
D:3 3 runed translucent doors, dscm's ghost, weakling OpAc
D:6 1 runed door


Innate Abilities, Weirdness & Mutations

You have hooves in place of feet.
You are surrounded by a mild repulsion field. (EV +2)
When hurt, damage is shared between your health and your magic reserves.


Message History

The acid dragon barely misses you. The slime creature hits you.
* * * LOW HITPOINT WARNING * * *
You hit the acid dragon. You kick the acid dragon.
You kill the acid dragon!
Okawaru accepts your kill.
The acid dragon scales are intact enough to wear.
You hit the slime creature. The slime creature hits you.
* * * LOW HITPOINT WARNING * * *
You slash the slime creature! You kick the slime creature.
The slime creature is heavily wounded.
You block the slime creature's attack.
You hit the slime creature but do no damage.
You kick the slime creature.
The slime creature is heavily wounded.
The slime creature hits you!
You die...
Xom reaches out...
You are now level 8!
You rejoin the land of the living...
Are you sure you want to abandon this character and quit the game? (Confirm with "yes".)

# #######.#### .
.............#
.########.######
.. ..# ... ###
... ..S.
##############.
.......@.......
......#########
..... .... ###


There were no monsters in sight!

Vanquished Creatures
  A two-headed ogre (D:7)
  Pikel (D:3)
  Joseph (D:7)
  Grinder (D:4)
  Prince Ribbit (D:7)
  A slime creature (D:8)
  Edmund (D:4)
  An acid dragon (D:8)
  A slave (D:3)
  2 ogres
  A black bear (D:6)
  2 sky beasts
  2 centaurs
  Blork the orc (D:6)
  A bullfrog (D:5)
  A wyvern zombie (D:8)
  3 scorpions
  4 howler monkeys
  A crimson imp (D:4)
  A centaur zombie (D:7)
  A quasit (D:7)
  4 hounds
  4 jellies
  2 centaur skeletons
  5 orc priests
  A bullfrog skeleton (D:5)
  Crazy Yiuf (D:4)
  Jessica (D:2)
  2 orc wizards (D:6)
  3 worker ants
  2 hound skeletons
  9 adders
  A shadow imp (D:3)
  2 oozes (D:4)
  2 adder zombies
  A worm (D:4)
  3 dart slugs
  A leopard gecko (D:1)
  21 orcs
  9 bats
  A bat skeleton (D:7)
  4 bat zombies (D:7)
  4 giant cockroaches
  A goblin (D:1)
  11 hobgoblins
  13 jackals
  6 kobolds
  6 quokkas
  2 ball pythons
  3 frilled lizards
  8 rats
162 creatures vanquished.

Notes
Turn   | Place    | Note
-------+----------+-------------------------------------------
     0 | D:1      | galech the Demonspawn Fighter began the quest for the Orb.
     0 | D:1      | Reached XP level 1. HP: 18/18 MP: 1/1
   316 | D:1      | Reached skill level 2 in Axes
   357 | D:1      | Gained mutation: You have large cloven feet. [demonic
                  | ancestry]
   357 | D:1      | Reached XP level 2. HP: 9/24 MP: 2/2
   794 | D:1      | Reached XP level 3. HP: 22/29 MP: 3/3
  1163 | D:2      | Noticed Jessica
  1168 | D:2      | Killed Jessica
  1493 | D:2      | Gained mutation: When hurt, damage is shared between your
                  | health and your magic reserves. [demonic ancestry]
  1493 | D:2      | Reached XP level 4. HP: 21/35 MP: 4/4
  2138 | D:3      | Reached skill level 3 in Axes
  2164 | D:3      | Found a runed translucent gate.
  2165 | D:3      | Found a runed translucent gate.
  2165 | D:3      | Found an opulent altar of Gozag.
  2168 | D:3      | Found a runed translucent gate.
  2170 | D:3      | Noticed dscm's ghost (weakling OpAc)
  2170 | D:3      | Noticed a big kobold
  2171 | D:3      | Noticed an ice beast
  2606 | D:3      | Gained mutation: You have hoof-like feet. [demonic
                  | ancestry]
  2606 | D:3      | Reached XP level 5. HP: 23/41 MP: 3/5
  3346 | D:3      | Noticed an ogre
  3353 | D:3      | Killed an ogre
  3353 | D:3      | Reached skill level 4 in Axes
  3353 | D:3      | Reached XP level 6. HP: 10/47 MP: 2/6
  3540 | D:4      | Noticed a sky beast
  3549 | D:4      | Killed a sky beast
  3631 | D:4      | Found a runed door.
  3719 | D:4      | Gained mutation: You are surrounded by a mild repulsion
                  | field. (EV +2) [demonic ancestry]
  3719 | D:4      | Reached XP level 7. HP: 37/53 MP: 4/7
  3803 | D:4      | Noticed Pikel
  3816 | D:4      | Paralysed by Pikel for 4 turns
  3823 | D:3      | Paralysed by Pikel for 2 turns
  3831 | D:3      | Paralysed by Pikel for 2 turns
  3847 | D:3      | Killed Pikel
  3847 | D:3      | Reached skill level 5 in Axes
  3847 | D:3      | Reached skill level 1 in Dodging
  3847 | D:3      | Reached XP level 8. HP: 9/60 MP: 2/8
  3975 | D:4      | Noticed Edmund
  4003 | D:4      | Killed Edmund
  4003 | D:4      | Reached skill level 6 in Axes
  4003 | D:4      | Reached skill level 5 in Armour
  4071 | D:4      | Found a staircase to the Ecumenical Temple.
  4085 | Temple   | Entered the Ecumenical Temple
  4259 | D:4      | Noticed Grinder
  4269 | D:4      | Paralysed by Grinder for 4 turns
  4281 | D:4      | Paralysed by Grinder for 2 turns
  4293 | D:4      | Paralysed by Grinder for 2 turns
  4295 | D:4      | Killed Grinder
  4587 | D:4      | Found a shimmering blue altar of Sif Muna.
  4692 | D:4      | Noticed Crazy Yiuf
  4695 | D:4      | Killed Crazy Yiuf
  4725 | D:5      | Entered Level 5 of the Dungeon
  4847 | D:5      | Reached skill level 5 in Shields
  5350 | D:5      | Found Vasche Edde's Assorted Antiques.
  5695 | D:6      | Noticed Blork the orc
  5707 | D:6      | Reached skill level 5 in Fighting
  5707 | D:6      | Reached skill level 7 in Axes
  5710 | D:6      | Killed Blork the orc
  5808 | D:6      | Gained mutation: You have hooves in place of feet. [demonic
                  | ancestry]
  5808 | D:6      | Reached XP level 9. HP: 67/68 MP: 7/9
  5899 | D:6      | Found an iron altar of Okawaru.
  5907 | D:6      | Became a worshipper of Warmaster Okawaru
  5951 | D:6      | Found a corrupted altar of Lugonu.
  5969 | D:6      | Found a runed door.
  6657 | D:7      | Noticed Prince Ribbit
  6675 | D:7      | Killed Prince Ribbit
  6784 | D:7      | Found an ancient bone altar of Kikubaaqudgha.
  6852 | D:7      | Noticed Joseph
  6874 | D:7      | Killed Joseph
  6874 | D:7      | Reached * piety under Okawaru
  6874 | D:7      | Reached skill level 8 in Axes
  7239 | D:8      | Noticed a two-headed ogre
  7256 | D:7      | HP: 1/68 [two-headed ogre/+0 giant spiked club (18)]
  7258 | D:7      | Demolished by a two-headed ogre
  7259 | D:7      | Reached XP level 8. HP: -17/63 MP: 0/8
  7267 | D:7      | Killed a two-headed ogre
  7267 | D:7      | Reached ** piety under Okawaru
  7267 | D:7      | Reached *** piety under Okawaru
  7267 | D:7      | Reached XP level 9. HP: 39/69 MP: 4/9
  7358 | D:8      | Reached skill level 9 in Axes
  7380 | D:8      | Mangled by a slime creature
  7381 | D:8      | Reached XP level 8. HP: -6/64 MP: 0/8
  7381 | D:8      | Quit the game

Skill      XL: |  1  2  3  4  5  6  7  8  9 |
---------------+----------------------------+-----
Axes           | 2 3 4 5 7 9 |  9.1
Armour         | 3 4 5 6 |  6.7
Shields        | 3 4 5 6 |  6.7
Fighting       | 4 5 6 |  6.0
Dodging        | 1 |  1.6
Stealth        | |  0.9

Action                   |  1- 3 |  4- 6 |  7- 9 || total
-------------------------+-------+-------+-------++-------
Melee: War axe           |   136 |   124 |   366 ||   626
       Kick              |    21 |    36 |   121 ||   178
  Use: Potion            |       |       |     2 ||     2
       Scroll            |       |       |     9 ||     9
  Eat: Chunk             |     7 |    12 |    16 ||    35
       Ration            |       |       |     2 ||     2
Armor: Scale mail        |    55 |       |       ||    55
       Plate armour      |    64 |   136 |   195 ||   395
Dodge: Dodged            |    11 |     2 |   119 ||   132
Block: Medium shield     |    80 |    72 |   257 ||   409
